[Event "Titled Tuesday Blitz August 22 Early 2023"]
[White "Plazuelo Pascual, Juan"]
[Black "Andreikin, Dmitry"]
[WhiteFideId "32059566"]
[BlackFideId "4158814"]
[WhiteElo "2682"]
[BlackElo "3006"]
[Result "1-0"]
[Round "6"]
[TimeControl "180+1"]
[Date "2023.08.22"]
[WhiteClock "0:00:13"]
[BlackClock "0:00:00"]
[Board "10"]

1. e4 c5 2. Nf3 e6 3. d4 cxd4 4. Nxd4 Nc6 5. c4 Nf6 6. Nc3 Bb4 7. Nxc6 bxc6 8. Bd3 e5 9. O-O d6 10. Na4 Ba5 11. h3 O-O 12. Be3 Be6 13. a3 c5 14. Rb1 Rb8 15. Qc2 Nh5 16. Rfd1 Qe7 17. Nc3 g6 18. Kh2 Rfd8 19. Be2 Nf4 20. Bxf4 exf4 21. Nd5 Qg5 22. b4 Bb6 23. Bf3 cxb4 24. axb4 Rbc8 25. Rbc1 Qe5 26. Kg1 Kg7 27. Qc3 f6 28. Rc2 h5 29. Rdc1 Bd4 30. Qd3 g5 31. Bxh5 Rh8 32. Qf3 f5 33. exf5 Qxf5 34. Bg4 Bxd5 35. Bxf5 Bxf3 36. Bxc8 Be4 37. Rd2 Be5 38. Bg4 Kf6 39. c5 d5 40. f3 Bg6 41. Rxd5 Rb8 42. c6 Bc7 43. Rd7 Bb6+ 44. Kh1 Be8 45. c7 Rc8 46. Rd6+ Ke5 47. Rxb6 1-0


[Site "https://www.chess.com"]

[Event "Titled Tuesday Blitz August 22 Early 2023"]
[White "Kravtsiv, Martyn"]
[Black "Firouzja, Alireza"]
[WhiteFideId "14113147"]
[BlackFideId "12573981"]
[WhiteElo "2867"]
[BlackElo "3101"]
[Result "1-0"]
[Round "6"]
[TimeControl "180+1"]
[Date "2023.08.22"]
[WhiteClock "0:00:52"]
[BlackClock "0:01:00"]
[Board "11"]

1. e4 c5 2. Nf3 d6 3. Bb5+ Nd7 4. d4 cxd4 5. Qxd4 a6 6. Bxd7+ Bxd7 7. O-O Rc8 8. c4 e5 9. Qd3 b5 10. Na3 Qb6 11. cxb5 axb5 12. Bd2 Nf6 13. Bb4 Bc6 14. Rac1 Be7 15. Rfe1 O-O 16. Nxe5 Bxe4 17. Qxb5 Qd4 18. Rcd1 Qxb2 19. Nec4 Qxa2 20. Ra1 Qb3 21. Nd2 Qc2 22. Nxc2 1-0


[Site "https://www.chess.com"]

[Event "Titled Tuesday Blitz August 22 Early 2023"]
[White "Piorun, Kacper"]
[Black "Dubov, Daniil"]
[WhiteFideId "1130420"]
[BlackFideId "24126055"]
[WhiteElo "2844"]
[BlackElo "3032"]
[Result "0-1"]
[Round "6"]
[TimeControl "180+1"]
[Date "2023.08.22"]
[WhiteClock "0:00:00"]
[BlackClock "0:00:03"]
[Board "12"]

1. d4 d5 2. c4 e6 3. Nf3 Nf6 4. g3 Be7 5. Bg2 O-O 6. Nc3 Nbd7 7. cxd5 exd5 8. O-O c6 9. h4 Re8 10. Bf4 Nf8 11. Ne5 N6d7 12. Nxd7 Bxd7 13. e4 dxe4 14. Bxe4 Bf6 15. Qd3 Bh3 16. Rfd1 Bg4 17. Rd2 Bh5 18. d5 Bxc3 19. bxc3 Bg6 20. Bxg6 Nxg6 21. dxc6 Qb6 22. cxb7 Qxb7 23. Qf5 Rad8 24. Rxd8 Rxd8 25. Rb1 Qf3 26. c4 h6 27. h5 Nf8 28. Qc2 Ne6 29. Be3 f5 30. c5 Kh8 31. c6 f4 32. c7 Nxc7 33. Qxc7 Rd1+ 34. Rxd1 Qxd1+ 35. Kg2 fxe3 36. Qc8+ Kh7 37. Qf5+ Kh8 38. fxe3 Qd2+ 39. Kf3 Qxa2 40. Qc8+ Kh7 41. Qf5+ Kh8 42. Qc8+ Qg8 43. Qf5 Qa8+ 44. e4 a5 45. Qc5 a4 46. Qa3 Qe8 47. g4 Qf7+ 48. Ke2 Qc4+ 49. Kd2 Qxe4 50. Qf8+ Kh7 51. Qc8 a3 52. Kc3 Qe5+ 53. Kb3 Qb2+ 54. Ka4 a2 55. Qf5+ Kh8 56. Qc8+ Kh7 57. Qf5+ Kg8 58. Qc8+ Kf7 59. Qd7+ Kf6 60. Qf5+ Ke7 61. Qc5+ Ke6 62. Qc6+ Ke5 63. Qc5+ Ke4 64. Qc6+ Ke3 65. Qe6+ Kf2 66. Qf5+ Kg3 0-1


[Site "https://www.chess.com"]

[Event "Titled Tuesday Blitz August 22 Early 2023"]
[White "Bacrot, Etienne"]
[Black "Sarana, Alexey"]
[WhiteFideId "605506"]
[BlackFideId "24133795"]
[WhiteElo "2842"]
[BlackElo "3027"]
[Result "0-1"]
[Round "6"]
[TimeControl "180+1"]
[Date "2023.08.22"]
[WhiteClock "0:01:36"]
[BlackClock "0:01:42"]
[Board "13"]

1. e4 c5 2. Nf3 d6 3. d4 cxd4 4. Nxd4 Nf6 5. Nc3 a6 6. Rg1 b5 7. g4 Bb7 8. Qe2 b4 9. g5 bxc3 10. gxf6 cxb2 11. Bxb2 Qa5+ 12. c3 gxf6 13. O-O-O Qxa2 14. Nf5 Nd7 15. Bh3 Rc8 16. Rd4 Rxc3+ 17. Kd1 Qb1+ 0-1


[Site "https://www.chess.com"]

[Event "Titled Tuesday Blitz August 22 Early 2023"]
[White "Bluebaum, Matthias"]
[Black "Klukin, Kirill"]
[WhiteFideId "24651516"]
[BlackFideId "24199273"]
[WhiteElo "3017"]
[BlackElo "2826"]
[Result "1/2-1/2"]
[Round "6"]
[TimeControl "180+1"]
[Date "2023.08.22"]
[WhiteClock "0:00:07"]
[BlackClock "0:00:12"]
[Board "14"]

1. d4 d5 2. c4 c6 3. Nf3 e6 4. Nc3 dxc4 5. e4 b5 6. Qc2 Nf6 7. Be2 Bb4 8. O-O h6 9. a4 Bb7 10. e5 Nd5 11. axb5 O-O 12. bxc6 Nxc6 13. Rd1 Rc8 14. h3 a5 15. Ne4 Nce7 16. Bd2 Qb6 17. Bxb4 Nxb4 18. Qb1 Ned5 19. Nd6 Nf4 20. Bf1 Bxf3 21. gxf3 Nbd3 22. Nxc4 Rxc4 23. Bxd3 Rxd4 24. Bf1 Rfd8 25. Rxd4 Rxd4 26. Qc2 g5 27. Rd1 Rxd1 28. Qxd1 Qxb2 29. Qd8+ Kg7 30. Qf6+ Kg8 31. Qd8+ Kg7 32. Qf6+ Kg8 33. h4 Ng6 34. Qd8+ Kh7 35. Bd3 gxh4 36. Qf6 Qb7 37. Bxg6+ fxg6 38. Qxe6 a4 39. Qd6 Kg7 40. Qf6+ Kh7 41. e6 Qg7 42. Qxh4 a3 43. e7 a2 44. e8=Q a1=Q+ 45. Kg2 Qaf6 46. Qg3 Qff7 47. Qe4 Qf5 48. Qe3 Qgf7 49. Qd4 Q5f6 50. Qe4 Kg7 51. Qb4 Q6e6 52. Qc3+ Kh7 53. Qd3 Qef5 54. Qdd6 Q7f6 55. Qc7+ Qg7 56. Qb8 Qff7 57. Qd8 Qe7 58. Qc8 Qef6 59. Qgb8 Qg5+ 60. Qg3 Qf5 61. Qa8 Qff6 62. Qgb8 Qg5+ 63. Qg3 Qxg3+ 64. fxg3 Qb2+ 65. Kh3 Qg7 66. f4 Qd7+ 67. Kh2 Kg7 68. Qa1+ Kh7 69. Qb1 Qd2+ 70. Kh3 Qd7+ 71. g4 h5 72. f5 hxg4+ 73. Kxg4 Qxf5+ 74. Qxf5 gxf5+ 75. Kg5 Kg7 76. Kxf5 1/2-1/2


[Site "https://www.chess.com"]

[Event "Titled Tuesday Blitz August 22 Early 2023"]
[White "Bauman_Guy"]
[Black "Tabatabaei, M. Amin"]
[BlackFideId "12521213"]
[WhiteElo "2815"]
[BlackElo "2992"]
[Result "0-1"]
[Round "6"]
[TimeControl "180+1"]
[Date "2023.08.22"]
[WhiteClock "0:00:12"]
[BlackClock "0:00:15"]
[Board "15"]

1. e4 c6 2. d4 d5 3. e5 Bf5 4. h4 h5 5. Bd3 Bxd3 6. Qxd3 e6 7. Nf3 Qa5+ 8. Nbd2 Qa6 9. c4 Nd7 10. b3 Nh6 11. O-O Nf5 12. a4 Bb4 13. Ba3 Qa5 14. Bxb4 Qxb4 15. a5 Qe7 16. cxd5 cxd5 17. g3 O-O 18. Rfc1 Rfc8 19. Qb5 Nf8 20. a6 bxa6 21. Qxa6 Rc7 22. Rc6 Rxc6 23. Qxc6 Rb8 24. Qc5 Rb7 25. b4 f6 26. Qxe7 Nxe7 27. Ra6 Rxb4 28. Nf1 Nf5 29. exf6 gxf6 30. Rxa7 Nxd4 31. Nxd4 Rxd4 32. Ne3 Re4 33. Kf1 Ng6 34. Nd1 Ne5 35. Nc3 Rc4 36. Ne2 Nd3 37. Re7 e5 38. Rd7 d4 39. Ng1 Rc1+ 40. Kg2 Rc2 41. Nh3 Nc5 42. Rd5 d3 43. Kf3 Kf7 44. Ke3 Re2+ 45. Kf3 Rc2 46. g4 Ke6 47. Rd8 hxg4+ 48. Kxg4 d2 49. h5 Nd7 50. h6 d1=Q+ 51. f3 Rg2+ 52. Kh4 Qxf3 53. Rg8 Rxg8 0-1


[Site "https://www.chess.com"]

[Event "Titled Tuesday Blitz August 22 Early 2023"]
[White "Drygalov, Sergey"]
[Black "Kosakowski, Jakub"]
[WhiteFideId "24171743"]
[BlackFideId "1185080"]
[WhiteElo "2969"]
[BlackElo "2800"]
[Result "0-1"]
[Round "6"]
[TimeControl "180+1"]
[Date "2023.08.22"]
[WhiteClock "0:00:00"]
[BlackClock "0:00:06"]
[Board "16"]

1. d4 d5 2. c4 e5 3. dxe5 d4 4. Nf3 Nc6 5. a3 Nge7 6. b4 Ng6 7. Bb2 a5 8. b5 Ncxe5 9. Nxe5 Nxe5 10. e3 Be6 11. Bxd4 Nxc4 12. Qc2 Nb6 13. Nc3 f6 14. Be2 Bd6 15. Bd3 Qe7 16. O-O Bxa3 17. Ne4 Bd6 18. Nc5 Nd5 19. Be4 Nb4 20. Qc3 O-O 21. Nxb7 Rab8 22. Nxd6 cxd6 23. Rxa5 Nd5 24. Qa3 Bf7 25. Bd3 Rfc8 26. h3 Qe6 27. Ra7 h5 28. Ra6 Rd8 29. Rc1 Ne7 30. b6 Nf5 31. Bb2 Nh4 32. Bf1 Qe4 33. Qa4 Qxa4 34. Rxa4 Rxb6 35. Bd4 Rb7 36. Bxf6 gxf6 37. Rxh4 Rb2 38. Rf4 Kg7 39. Kh2 Ra8 40. Rc7 d5 41. Bd3 Raa2 42. Kg3 h4+ 43. Kxh4 Rxf2 44. Rxf2 Rxf2 45. Kg3 Rd2 46. Bf5 Kf8 47. h4 d4 48. e4 d3 49. Rd7 Rd1 50. e5 fxe5 51. Bxd3 Be6 52. Rd6 Ke7 53. Rxe6+ Kxe6 54. Be2 Rd4 55. Bf3 Kf5 56. h5 Kg5 57. Kf2 Rd3 58. g3 Ra3 59. Ke2 Kf5 60. g4+ Kf4 61. Bd5 Kxg4 62. Bf7 Kg5 63. Bg6 Rh3 64. Kf2 Kf4 65. Ke2 e4 66. Kd2 Rh2+ 67. Kc3 e3 68. Kd3 e2 69. Kd2 Kf3 70. Bd3 e1=Q+ 71. Kxe1 Ke3 72. Bc4 Rh1+ 73. Bf1 Rxh5 74. Bg2 Ra5 75. Kd1 Ra1+ 76. Kc2 Ra2+ 77. Kc3 Rxg2 0-1


[Site "https://www.chess.com"]

[Event "Titled Tuesday Blitz August 22 Early 2023"]
[White "Gorovets, Andrey"]
[Black "Terry, Renato"]
[WhiteFideId "13504037"]
[BlackFideId "3803457"]
[WhiteElo "2798"]
[BlackElo "2947"]
[Result "0-1"]
[Round "6"]
[TimeControl "180+1"]
[Date "2023.08.22"]
[WhiteClock "0:00:00"]
[BlackClock "0:00:04"]
[Board "17"]

1. d4 d5 2. c4 dxc4 3. Nf3 Nf6 4. Qa4+ c6 5. Qxc4 Bf5 6. g3 Nbd7 7. Bg2 e6 8. O-O Be7 9. e3 Ne4 10. Nfd2 Nd6 11. Qe2 h5 12. e4 Bg6 13. Nc3 h4 14. Nb3 hxg3 15. hxg3 a5 16. Bf4 a4 17. Nc5 Nxc5 18. dxc5 Nc8 19. Rfd1 Qa5 20. Bd6 Nxd6 21. cxd6 Bf6 22. d7+ Ke7 23. Qd2 a3 24. Rac1 Kd8 25. bxa3 Qxa3 26. Qe3 Qa7 27. Qd2 Rh5 28. Rb1 Rc5 29. Ne2 Bh5 30. Bf1 b5 31. Rbc1 Rxc1 32. Qxc1 Qb6 33. Qd2 Bxe2 34. Bxe2 Rb8 35. Kg2 Be7 36. e5 Kc7 37. Qf4 Rd8 38. Qxf7 Rxd7 39. Rxd7+ Kxd7 40. Bg4 c5 41. Qxg7 c4 42. Qg5 Qc6+ 43. Bf3 Bxg5 44. Bxc6+ Kxc6 45. f4 Be7 0-1


[Site "https://www.chess.com"]

[Event "Titled Tuesday Blitz August 22 Early 2023"]
[White "Cherniaiev, Tykhon"]
[Black "Donchenko, Alexander"]
[WhiteFideId "14182360"]
[BlackFideId "24603295"]
[WhiteElo "2798"]
[BlackElo "2939"]
[Result "1/2-1/2"]
[Round "6"]
[TimeControl "180+1"]
[Date "2023.08.22"]
[WhiteClock "0:00:07"]
[BlackClock "0:00:16"]
[Board "18"]

1. Nf3 Nf6 2. d4 b6 3. g3 Bb7 4. Bg2 g6 5. O-O Bg7 6. c4 O-O 7. Nc3 Ne4 8. Qc2 Nxc3 9. Qxc3 c5 10. e3 Be4 11. Rd1 Nc6 12. b3 d5 13. Bb2 cxd4 14. Nxd4 Bxg2 15. Kxg2 Nxd4 16. exd4 Rc8 17. Rac1 Qd7 18. Qf3 Rfd8 19. cxd5 Rxc1 20. Rxc1 Bf6 21. Rc6 Qxd5 22. Qxd5 Rxd5 23. Rc8+ Kg7 24. Rc7 a5 25. Rb7 b5 26. Ra7 b4 27. a3 e6 28. axb4 axb4 29. Rb7 Bxd4 30. Bxd4+ Rxd4 31. Kf1 h5 32. h4 Kf6 33. Ke2 e5 34. Ke3 Ke6 35. Rb6+ Kf5 36. f3 f6 37. Rb5 g5 38. hxg5 fxg5 39. Rb8 h4 40. gxh4 gxh4 41. Rf8+ Ke6 42. Re8+ Kf6 43. Rh8 Rf4 44. Rf8+ Ke6 45. Re8+ Kd6 46. Rd8+ Ke7 47. Rh8 Kd7 48. Rh7+ Kd6 49. Rh8 Rd4 50. Rd8+ Ke6 51. Re8+ Kf6 52. Rh8 Kg7 53. Rh5 Kg6 54. Rh8 Kf7 55. Rh7+ Kf6 56. Rh8 1/2-1/2


[Site "https://www.chess.com"]

[Event "Titled Tuesday Blitz August 22 Early 2023"]
[White "Kovalenko, Igor"]
[Black "Adewumi, Tanitoluwa"]
[WhiteFideId "14117908"]
[BlackFideId "30966396"]
[WhiteElo "2939"]
[BlackElo "2796"]
[Result "0-1"]
[Round "6"]
[TimeControl "180+1"]
[Date "2023.08.22"]
[WhiteClock "0:00:52"]
[BlackClock "0:00:10"]
[Board "19"]

1. c4 e5 2. Nc3 Nc6 3. e3 g6 4. g3 d6 5. Bg2 Bg7 6. Rb1 Be6 7. d3 Nf6 8. Nd5 O-O 9. Ne2 Qd7 10. h3 Ne8 11. b4 Nd8 12. b5 c6 13. bxc6 bxc6 14. Ndc3 d5 15. cxd5 cxd5 16. Ba3 Nd6 17. Nxd5 Bxd5 18. Bxd5 Nb5 19. Rxb5 Qxb5 20. Bxa8 Qa5+ 21. Qd2 Qxa3 22. O-O Ne6 23. Bd5 Nc5 24. Rd1 Rd8 25. Be4 Nxe4 26. Qc2 Nc5 27. d4 exd4 28. exd4 Qa4 29. Qc1 Ne4 30. Rd3 h5 31. Qf4 Nd6 32. a3 Qc2 33. Re3 Qf5 34. Qf3 Qxf3 35. Rxf3 Nf5 36. Nf4 Nxd4 37. Re3 Bh6 38. Re7 Bxf4 39. gxf4 a5 40. Kg2 Nb5 41. Re5 Nxa3 42. Rxa5 Nc4 43. Rc5 Nd6 44. Rd5 Kf8 45. Kf3 Ke7 46. Re5+ Kf6 47. Rd5 Rd7 48. Kg2 Ke7 49. Re5+ Kd8 50. Ra5 Nf5 51. Re5 f6 52. Re6 Rd6 53. Re1 Kd7 54. Ra1 Rd4 55. Kf3 Rd3+ 56. Kg2 Nh4+ 57. Kh2 Rf3 58. Ra2 Rxf4 59. Kg3 g5 60. Re2 Nf5+ 61. Kh2 Nd4 62. Ra2 Ke6 63. Kg2 Kf5 64. Ra5+ Kg6 65. Ra6 g4 66. hxg4 hxg4 67. Ra8 f5 68. Rg8+ Kf6 69. Rd8 Ne6 70. Ra8 Rb4 71. Ra6 Ke5 72. Ra5+ Ke4 73. Ra3 f4 74. Ra8 Rb2 75. Re8 Kf5 76. Kg1 g3 77. fxg3 fxg3 78. Rg8 Nf4 79. Rxg3 Ne2+ 80. Kf2 Nxg3+ 81. Kxg3 Rc2 0-1


[Site "https://www.chess.com"]

[Event "Titled Tuesday Blitz August 22 Early 2023"]
[White "Krzyzanowski, Marcin"]
[Black "Sjugirov, Sanan"]
[WhiteFideId "1132199"]
[BlackFideId "4189302"]
[WhiteElo "2785"]
[BlackElo "2918"]
[Result "1-0"]
[Round "6"]
[TimeControl "180+1"]
[Date "2023.08.22"]
[WhiteClock "0:00:05"]
[BlackClock "0:00:00"]
[Board "20"]

1. Nf3 d5 2. g3 c6 3. Bg2 Bg4 4. O-O Nd7 5. d3 Ngf6 6. c4 e6 7. Nc3 dxc4 8. dxc4 Be7 9. Be3 Qa5 10. h3 Bh5 11. a3 Rd8 12. b4 Qc7 13. Qb3 O-O 14. Rad1 a5 15. Nd4 axb4 16. axb4 Qc8 17. c5 Nd5 18. Nxd5 cxd5 19. Rc1 Ne5 20. g4 Bg6 21. f4 Nc6 22. Rcd1 Rfe8 23. Nb5 f5 24. Kh2 h6 25. Bf3 Kh8 26. Nd4 Bf6 27. Nb5 Be7 28. Rg1 Qb8 29. Kh1 Bf8 30. Rg2 d4 31. Bc1 e5 32. gxf5 Bxf5 33. Bh5 Be6 34. Qg3 Bd5 35. Bf3 e4 36. Bh5 Re6 37. Nd6 Rdxd6 38. cxd6 Rxd6 39. f5 Qd8 40. Bf4 Rf6 41. Rdg1 d3 42. exd3 exd3 43. Bf3 Bxf3 44. Qxf3 Nd4 45. Qe4 Nxf5 46. Be5 Rf7 47. Rd2 Qe8 48. Rxd3 Qb5 49. Rd5 Qc6 50. b5 Qe6 51. Qd3 Qe7 52. Ba1 Qh4 53. Rxf5 Rxf5 54. Qxf5 Be7 55. Bxg7+ Kg8 56. Bf6+ 1-0


[Site "https://www.chess.com"]

[Event "Titled Tuesday Blitz August 22 Early 2023"]
[White "Henriquez Villagra, Cristobal"]
[Black "Kushko, Dmitriy"]
[WhiteFideId "3409350"]
[BlackFideId "14162261"]
[WhiteElo "2918"]
[BlackElo "2776"]
[Result "1-0"]
[Round "6"]
[TimeControl "180+1"]
[Date "2023.08.22"]
[WhiteClock "0:01:46"]
[BlackClock "0:00:01"]
[Board "21"]

1. e4 g6 2. d4 Bg7 3. Nf3 d6 4. c4 e5 5. Nc3 Bg4 6. d5 a5 7. Bd3 Na6 8. h3 Bxf3 9. Qxf3 h5 10. b3 Bh6 11. Bb2 Nf6 12. Na4 Nd7 13. a3 O-O 14. Bc2 c6 15. dxc6 bxc6 16. Rd1 Qe7 17. Qd3 Ndc5 18. Qxd6 Qxd6 19. Rxd6 Nxa4 20. bxa4 Rfd8 21. Bxe5 Bf8 22. Rxd8 Rxd8 23. Ke2 Bxa3 24. Rd1 Re8 25. f4 Bc5 26. Kf3 Nb4 27. Bb1 Be7 28. g4 hxg4+ 29. hxg4 f6 30. Bc3 Kf7 31. e5 Ke6 32. exf6 Bxf6 33. Re1+ 1-0


[Site "https://www.chess.com"]

[Event "Titled Tuesday Blitz August 22 Early 2023"]
[White "Orozbaev, Eldiar"]
[Black "Zakhartsov, Vladimir"]
[WhiteFideId "13802240"]
[BlackFideId "4145097"]
[WhiteElo "2770"]
[BlackElo "2914"]
[Result "1/2-1/2"]
[Round "6"]
[TimeControl "180+1"]
[Date "2023.08.22"]
[WhiteClock "0:00:07"]
[BlackClock "0:00:05"]
[Board "22"]

1. e4 c5 2. c3 e5 3. Nf3 Nc6 4. d4 cxd4 5. cxd4 exd4 6. Nxd4 Nf6 7. Nc3 Bb4 8. Nxc6 bxc6 9. Bd3 O-O 10. O-O d5 11. exd5 Nxd5 12. Nxd5 cxd5 13. Be3 Be6 14. Bd4 Be7 15. Qf3 a5 16. Rad1 Bf6 17. Bxf6 Qxf6 18. Qxf6 gxf6 19. Bb5 a4 20. Bc6 Ra5 21. Rd4 Rb8 22. Bxa4 Rxb2 23. Bb3 f5 24. h4 Kg7 25. Rfd1 Kf6 26. h5 Ke5 27. h6 Re2 28. R4d3 Re4 29. g3 f4 30. gxf4+ Rxf4 31. Rg3 Rh4 32. Re1+ Kd6 33. Rg8 Rxh6 34. Rd8+ Kc7 35. Rg8 Rg6+ 36. Rxg6 hxg6 37. Kg2 Kd6 38. Kf3 d4 39. Rb1 Ke5 40. Ke2 Bf5 41. Re1 Kf6 42. Kd2 g5 43. Re8 Bg6 44. Rd8 Ke5 45. Rd7 f6 46. Re7+ Kf4 47. Re6 Kf5 48. Rd6 Ke5 49. Re6+ Kf5 50. Rd6 Be8 51. Rxd4 Bc6 52. Rd6 Be4 53. Ke3 Bb7 54. Rd7 Re5+ 55. Kd4 Bc6 56. Rd6 Bf3 57. Bc2+ Kg4 58. Rxf6 Ra5 59. Bb3 Be2 60. Ke3 Re5+ 61. Kd2 Bf1 62. Be6+ Kh5 63. f3 Re2+ 64. Kc3 Kh4 65. Bg4 Rxa2 66. Kd4 Re2 67. Rc6 Kg3 68. Rc5 Kh4 69. Rc8 Bg2 70. Kd3 Re5 71. Kd4 Ra5 72. Rc5 Rxc5 73. Kxc5 Kg3 74. Kd4 Bxf3 75. Bd7 Kf4 76. Kd3 Be4+ 77. Ke2 Kg3 78. Kf1 Bg2+ 79. Kg1 Bf3 80. Bc8 Bg2 81. Bd7 Bh3 82. Bc6 Bf5 83. Be8 Bd3 84. Bh5 Be4 85. Be8 Bf3 86. Bd7 Bg4 87. Be8 Bh3 88. Ba4 Bf5 89. Bd1 Be4 90. Be2 Kf4 91. Bd1 Bf3 92. Ba4 g4 93. Bd7 g3 94. Bh3 g2 95. Bxg2 1/2-1/2


[Site "https://www.chess.com"]

[Event "Titled Tuesday Blitz August 22 Early 2023"]
[White "Kosteniuk, Alexandra"]
[Black "Kovalev, Vladislav"]
[WhiteFideId "4128125"]
[BlackFideId "13504398"]
[WhiteElo "2760"]
[BlackElo "2905"]
[Result "0-1"]
[Round "6"]
[TimeControl "180+1"]
[Date "2023.08.22"]
[WhiteClock "0:00:01"]
[BlackClock "0:00:08"]
[Board "23"]

1. e4 e5 2. Nf3 Nc6 3. Bc4 Nf6 4. d3 Bc5 5. a4 d6 6. a5 a6 7. c3 h6 8. O-O Ba7 9. Re1 O-O 10. Nbd2 Ne7 11. Nf1 Ng6 12. Ng3 c6 13. Be3 Bxe3 14. Rxe3 Re8 15. d4 exd4 16. Qxd4 Ne5 17. Bb3 Nfg4 18. Re2 Nxf3+ 19. gxf3 Ne5 20. Re3 Qf6 21. Bd1 Bh3 22. f4 Qxf4 23. Nh5 Qh4 24. Rg3 g6 25. Qxd6 Re6 26. Qd2 Bg4 27. Qf4 gxh5 28. h3 Qg5 29. Qxg5+ hxg5 30. hxg4 h4 31. Re3 Rd8 32. Be2 Red6 33. b4 Rd2 34. Rc1 Ng6 35. Bf1 Nf4 36. e5 Rd1 37. Re1 Rxc1 38. Rxc1 Rd2 39. c4 Kf8 40. b5 c5 41. bxa6 bxa6 42. Rb1 Ra2 43. Rb8+ Kg7 44. Rc8 Rxa5 45. f3 Ra1 46. Kf2 Ra2+ 47. Kg1 h3 48. Bxh3 Nxh3+ 49. Kf1 Rf2+ 50. Ke1 Rxf3 51. Rxc5 Nf4 52. Rc6 Rc3 53. Rxa6 Rxc4 54. Kf2 Ne6 55. Ra7 Rxg4 0-1


[Site "https://www.chess.com"]

[Event "Titled Tuesday Blitz August 22 Early 2023"]
[White "Hulka, Valentyn"]
[Black "Rasulov, Vugar"]
[WhiteFideId "34107061"]
[BlackFideId "13402390"]
[WhiteElo "2734"]
[BlackElo "2889"]
[Result "0-1"]
[Round "6"]
[TimeControl "180+1"]
[Date "2023.08.22"]
[WhiteClock "0:00:32"]
[BlackClock "0:00:33"]
[Board "24"]

1. e4 c5 2. Nf3 d6 3. Bb5+ Nd7 4. a4 Nf6 5. Nc3 a6 6. Be2 b6 7. d4 cxd4 8. Qxd4 Bb7 9. O-O e5 10. Qe3 Be7 11. Rd1 O-O 12. Nd2 Nc5 13. Nc4 Nfxe4 14. Nxe4 Bxe4 15. b4 Bxc2 16. bxc5 Bxd1 17. Bxd1 bxc5 18. a5 Rb8 19. Bf3 h6 20. Nb6 Bg5 21. Qd3 Bxc1 22. Rxc1 Rxb6 23. axb6 Qxb6 24. Bd5 Qb2 25. Rb1 Qd4 26. Qxd4 cxd4 27. g3 Kh7 28. Rb6 f5 29. Rxa6 Rf6 30. Kf1 e4 31. Ke2 Kg6 32. Ra4 d3+ 33. Ke3 Rf8 34. Ra6 Kf6 35. f4 Rb8 36. Rxd6+ Ke7 37. Re6+ Kd7 38. Re5 Rb2 39. Be6+ Kd6 40. Bxf5 Re2+ 41. Kd4 d2 42. Kc3 d1=Q 0-1


[Site "https://www.chess.com"]

[Event "Titled Tuesday Blitz August 22 Early 2023"]
[White "carokannlover213"]
[Black "Harsh Suresh"]
[BlackFideId "45018464"]
[WhiteElo "2723"]
[BlackElo "2881"]
[Result "0-1"]
[Round "6"]
[TimeControl "180+1"]
[Date "2023.08.22"]
[WhiteClock "0:00:06"]
[BlackClock "0:00:12"]
[Board "25"]

1. e4 g6 2. d4 Nf6 3. e5 Nh5 4. Nf3 d6 5. exd6 cxd6 6. Bb5+ Bd7 7. Bxd7+ Nxd7 8. O-O Bg7 9. c4 O-O 10. Be3 Nhf6 11. h3 Qc7 12. Qe2 Rfc8 13. b3 d5 14. c5 b6 15. cxb6 Qxb6 16. Nbd2 a5 17. Rfc1 e6 18. a4 Bf8 19. Qd3 Ne8 20. Ne5 Ndf6 21. Bg5 Qb7 22. Rxc8 Rxc8 23. Qb5 Qc7 24. Ndf3 Ne4 25. Rc1 Qb8 26. Qxb8 Rxb8 27. Nc6 Rxb3 28. Nxa5 Ra3 29. Rc8 N8d6 30. Rb8 Rxa4 31. Nc6 Nf5 32. Ne7+ Kg7 33. Nxf5+ gxf5 34. Bf4 Bd6 35. Bxd6 Nxd6 36. Rb1 Ne4 37. Rb2 Nc3 38. g3 Rc4 39. Kg2 Ne4 40. Rb1 h6 41. Rb2 Ng5 42. Re2 Nxf3 43. Kxf3 Rxd4 44. Ra2 Kg6 45. Ra7 Rc4 46. Ra8 Re4 47. Rg8+ Kh7 48. Rd8 Kg7 49. Rd7 Rc4 50. Rd8 Rc7 51. Kf4 Rc4+ 52. Kf3 h5 53. h4 Rd4 54. Ke3 Rg4 55. Kf3 f4 56. gxf4 Kf6 57. Rh8 Rxh4 58. Rh7 Kg6 59. Rh8 Kf5 60. Kg3 Rg4+ 61. Kh3 Rxf4 62. Rxh5+ Ke4 63. Kg3 Rf5 64. Rh4+ Kd3 65. Ra4 d4 66. f4 Ke3 67. Ra3+ d3 68. Ra1 d2 69. Kg2 Ke2 70. Ra2 Ke1 71. Kf3 d1=Q+ 72. Ke3 Qc1+ 73. Ke4 Qxf4+ 74. Kd3 Rd5+ 75. Kc3 Qd4+ 76. Kb3 Rb5+ 77. Kc2 Qd2# 0-1


[Site "https://www.chess.com"]

[Event "Titled Tuesday Blitz August 22 Early 2023"]
[White "Ilamparthi A R"]
[Black "Preotu, Razvan"]
[WhiteFideId "45015775"]
[BlackFideId "2613280"]
[WhiteElo "2879"]
[BlackElo "2714"]
[Result "1-0"]
[Round "6"]
[TimeControl "180+1"]
[Date "2023.08.22"]
[WhiteClock "0:00:16"]
[BlackClock "0:00:00"]
[Board "26"]

1. e4 c5 2. Nf3 d6 3. g3 Nf6 4. d3 g6 5. Bg2 Bg7 6. O-O O-O 7. Re1 Nc6 8. c3 e5 9. h3 h6 10. a3 Be6 11. b4 b5 12. Be3 cxb4 13. axb4 d5 14. Bc5 Re8 15. Nbd2 Nd7 16. Nb3 a5 17. bxa5 dxe4 18. dxe4 Bxb3 19. Qxb3 Nxc5 20. Qxb5 Qd6 21. Red1 Rxa5 22. Rxd6 Rxb5 23. Rxc6 Nxe4 24. Re1 Rc5 25. Rxc5 Nxc5 26. Nd2 Rd8 27. Nc4 e4 28. Bxe4 Bxc3 29. Re3 Bd4 30. Re2 Re8 31. Bf3 Rxe2 32. Bxe2 Ne4 33. Kg2 Nxf2 34. Nd6 Kf8 35. Bc4 f5 36. Nf7 Ne4 37. Nxh6 Nd6 38. Bb3 Kg7 39. Ng8 Kf8 40. h4 Ne4 41. h5 gxh5 42. Nh6 Nd6 43. Bc2 1-0


[Site "https://www.chess.com"]

[Event "Titled Tuesday Blitz August 22 Early 2023"]
[White "Jones, Gawain C B"]
[Black "Karthik Rajaa"]
[WhiteFideId "409561"]
[BlackFideId "25035215"]
[WhiteElo "2872"]
[BlackElo "2713"]
[Result "1-0"]
[Round "6"]
[TimeControl "180+1"]
[Date "2023.08.22"]
[WhiteClock "0:00:11"]
[BlackClock "0:00:06"]
[Board "27"]

1. Nf3 Nf6 2. g3 g6 3. b3 b5 4. Na3 a6 5. c4 bxc4 6. Nxc4 a5 7. Bb2 Bg7 8. Bg2 Bb7 9. O-O O-O 10. d3 d6 11. e4 e5 12. Re1 Nbd7 13. d4 Nxe4 14. dxe5 d5 15. Ne3 c6 16. Nd2 Nxd2 17. Qxd2 Qb6 18. Ng4 Rfe8 19. Nh6+ Bxh6 20. Qxh6 d4 21. e6 Rxe6 22. Rxe6 fxe6 23. Re1 Nf8 24. Ba3 Re8 25. Bxf8 Rxf8 26. Rxe6 Qc7 27. Qd2 c5 28. Bxb7 Qxb7 29. Qe2 Qf7 30. Re7 Qd5 31. h4 d3 32. Qd2 Qd4 33. Re3 Rd8 34. Kf1 a4 35. Kg2 axb3 36. axb3 Qd5+ 37. Kh2 Qxb3 38. Re7 Qd5 39. Qh6 Qf7 40. Rxf7 Kxf7 41. Qf4+ Ke7 42. Qe5+ Kf7 43. Qf4+ Ke7 44. Qg5+ Ke8 45. Qxc5 d2 46. Qe3+ Kf7 47. Qf3+ Ke7 48. Qd1 Ke6 49. Kg2 Ke5 50. Kf3 Rd7 51. Ke2 Kf6 52. Qa1+ Kf5 53. Kd1 Kg4 54. Qc3 Kh3 55. Qf3 Kh2 56. g4 Rd4 57. Qg3+ Kh1 58. f4 Rd6 59. f5 gxf5 60. Qxd6 fxg4 61. Qg3 h5 62. Qe3 Kh2 63. Kxd2 g3 64. Ke2 g2 65. Qf2 Kh1 66. Qf3 Kh2 67. Qf4+ Kh1 68. Qe4 Kh2 69. Qe5+ Kh1 70. Qd5 Kh2 71. Qd6+ Kh1 72. Qc6 Kh2 73. Qd6+ Kh1 74. Qd5 Kh2 75. Qe5+ Kh1 76. Qxh5 g1=Q 77. Qf3+ Kh2 78. Qf2+ Qxf2+ 79. Kxf2 Kh3 80. h5 1-0


[Site "https://www.chess.com"]

[Event "Titled Tuesday Blitz August 22 Early 2023"]
[White "Mekhitarian, Krikor Sevag"]
[Black "Petrosian, Karlen"]
[WhiteFideId "2107660"]
[BlackFideId "4176146"]
[WhiteElo "2871"]
[BlackElo "2707"]
[Result "1-0"]
[Round "6"]
[TimeControl "180+1"]
[Date "2023.08.22"]
[WhiteClock "0:00:16"]
[BlackClock "0:00:01"]
[Board "28"]

1. Nf3 Nf6 2. c4 d6 3. d4 g6 4. Nc3 Bf5 5. Nh4 Bd7 6. e4 e5 7. Nf3 Bg7 8. Be2 O-O 9. O-O Nc6 10. Be3 Ng4 11. Bg5 f6 12. Bh4 h5 13. d5 Ne7 14. Nd2 Nh6 15. f3 g5 16. Bf2 f5 17. exf5 Nexf5 18. Nde4 Nd4 19. Bd3 Nhf5 20. Ne2 Qe7 21. Qd2 g4 22. Nxd4 exd4 23. fxg4 hxg4 24. Rae1 Bh6 25. Qd1 Ne3 26. Bxe3 Bxe3+ 27. Kh1 Qh4 28. g3 Qh3 29. Nf6+ Rxf6 30. Rxf6 Re8 31. Ref1 Re7 32. Rg6+ Rg7 33. Rxg7+ Kxg7 34. Qe2 Qh5 35. Qg2 Qe5 36. b3 a5 37. Qe4 Qxe4+ 38. Bxe4 Be8 39. Kg2 b5 40. Bf5 bxc4 41. bxc4 Bh5 42. Bd3 Be8 43. Rb1 Kf7 44. Rb7 Kf6 45. Rxc7 Bf7 46. a4 1-0


[Site "https://www.chess.com"]